[ AOE2 MATCH · #490950181 ]
UnrankedSpanish vs Bulgarians
Player's team · LOSS
Rival team · WIN
[ REPLAY ANALYSIS · EXTRACTED FROM THE RECORDED GAME ]
Feudal
13:12
Castle
18:15
Imperial
—
| APM avg | 40.5 |
| APM peak | 84 |
| eAPM avg | 17.6 |
| Villagers / military | 92 / 61 |
Focus
⚔️ 33.3% · 🌾 66.7%
Spearman ×40 · Conquistador ×11 · Battering Ram ×10 · Fishing Ship ×4
Feudal
12:53
Castle
18:40
Imperial
34:01
| APM avg | 38.3 |
| APM peak | 69 |
| eAPM avg | 18.7 |
| Villagers / military | 79 / 47 |
Focus
⚔️ 23.0% · 🌾 77.0%
Knight ×24 · Skirmisher ×14 · Fishing Ship ×12 · Unknown (2626) ×5 · Monk ×4 · Trebuchet (Packed) ×3
Match map
Initial resources + every placement click. Lines = walls · curves = elevation contours. ◆ gold · ⬟ stone · ● berries · ✦ relic · ◌ wall gap
Your base· Open — 7t gap
Saladin's base· Open — unwalled flank
Smoothed initial terrain · ◌ = detected wall gap · hover for details
Inputs per minute
— CTM | Crawly94 - - Saladin
Build order — CTM | Crawly94
First 150 of 240 actions detected
| 0:22 | Build | Dock |
| 0:35 | Build | Town Center |
| 0:56 | Build | House |
| 1:45 | Build | House |
| 2:38 | Create | Villager (Male) ×4 |
| 3:42 | Create | Villager (Male) |
| 4:13 | Create | Fishing Ship |
| 4:43 | Create | Villager (Male) |
| 5:05 | Create | Villager (Male) |
| 5:06 | Create | Villager (Male) |
| 5:34 | Create | Villager (Male) |
| 5:34 | Create | Villager (Male) |
| 6:17 | Create | Villager (Male) |
| 6:18 | Create | Villager (Male) |
| 6:26 | Build | House |
| 6:29 | Create | Fishing Ship |
| 6:30 | Create | Fishing Ship |
| 6:53 | Create | Villager (Male) |
| 6:55 | Build | House |
| 7:21 | Create | Villager (Male) |
| 7:58 | Create | Villager (Male) |
| 7:58 | Create | Villager (Male) |
| 7:58 | Create | Villager (Male) |
| 8:04 | Build | Mill |
| 8:41 | Create | Villager (Male) |
| 8:42 | Create | Villager (Male) |
| 9:28 | Build | Outpost |
| 9:32 | Build | Mining Camp |
| 9:45 | Create | Villager (Male) |
| 9:56 | Research | Loom |
| 10:14 | Build | House |
| 10:18 | Build | Palisade Wall |
| 10:18 | Build | Palisade Wall |
| 10:35 | Research | Feudal Age |
| 10:47 | Create | Fishing Ship |
| 11:34 | Build | House |
| 11:35 | Build | House |
| 11:38 | Build | Palisade Wall |
| 12:44 | Create | Villager (Male) |
| 12:45 | Create | Villager (Male) |
| 13:12 | Age | Feudal Age |
| 13:19 | Build | Blacksmith |
| 14:08 | Create | Villager (Male) |
| 14:24 | Build | Market |
| 15:10 | Build | Stone Wall |
| 15:25 | Build | Stone Wall |
| 15:31 | Build | Stone Wall |
| 15:33 | Create | Villager (Male) |
| 15:35 | Research | Castle Age |
| 15:55 | Build | Lumber Camp |
| 16:32 | Build | Watch Tower |
| 16:39 | Create | Villager (Male) |
| 16:48 | Research | Gold Mining |
| 17:13 | Create | Villager (Male) |
| 17:13 | Create | Villager (Male) |
| 17:46 | Build | Gate |
| 17:55 | Build | Stone Wall |
| 17:59 | Build | Gate |
| 18:04 | Research | Double-Bit Axe |
| 18:05 | Research | Horse Collar |
| 18:15 | Age | Castle Age |
| 18:25 | Build | Castle |
| 18:29 | Create | Villager (Male) |
| 18:36 | Build | House |
| 18:37 | Build | House |
| 18:38 | Build | House |
| 18:39 | Build | House |
| 18:42 | Create | Villager (Male) |
| 19:05 | Create | Villager (Male) |
| 19:18 | Build | House |
| 19:20 | Build | House |
| 19:36 | Create | Conquistador |
| 19:36 | Create | Conquistador |
| 19:49 | Build | Stone Wall |
| 19:52 | Create | Villager (Male) |
| 20:01 | Build | Farm |
| 20:29 | Build | Farm |
| 20:30 | Build | Farm |
| 20:37 | Build | Farm |
| 20:40 | Create | Villager (Male) |
| 20:46 | Build | House |
| 20:50 | Create | Villager (Male) |
| 21:29 | Build | Farm |
| 21:31 | Build | Farm |
| 21:32 | Create | Villager (Male) |
| 21:37 | Create | Conquistador |
| 21:38 | Create | Conquistador |
| 21:38 | Create | Conquistador |
| 21:42 | Build | House |
| 21:53 | Build | Stone Wall |
| 21:55 | Create | Villager (Male) |
| 22:02 | Build | Farm |
| 22:05 | Build | Farm |
| 22:08 | Build | Farm |
| 22:47 | Create | Villager (Male) |
| 22:47 | Create | Villager (Male) |
| 23:21 | Build | Barracks |
| 23:24 | Build | Barracks |
| 23:33 | Create | Villager (Male) |
| 23:33 | Create | Villager (Male) |
| 24:05 | Research | Scale Mail Armor |
| 24:19 | Research | Pikeman (upgrade) |
| 24:20 | Create | Spearman |
| 24:20 | Create | Spearman |
| 24:20 | Create | Spearman |
| 24:33 | Build | Farm |
| 24:33 | Build | Farm |
| 24:33 | Build | Farm |
| 24:37 | Build | Farm |
| 24:37 | Build | Farm |
| 24:43 | Create | Villager (Male) |
| 24:44 | Create | Villager (Male) |
| 25:25 | Create | Villager (Male) |
| 25:25 | Create | Villager (Male) |
| 25:39 | Create | Villager (Male) |
| 25:45 | Build | Farm |
| 25:57 | Build | Town Center |
| 26:02 | Create | Spearman |
| 26:02 | Create | Spearman |
| 26:11 | Create | Conquistador |
| 26:31 | Create | Villager (Male) |
| 27:09 | Create | Spearman |
| 27:09 | Create | Spearman |
| 27:22 | Research | Chain Mail Armor |
| 27:25 | Create | Spearman |
| 27:30 | Create | Villager (Male) |
| 27:31 | Create | Villager (Male) |
| 27:34 | Create | Villager (Male) |
| 27:34 | Create | Villager (Male) |
| 27:52 | Build | Siege Workshop |
| 27:58 | Create | Spearman |
| 27:58 | Create | Spearman |
| 28:16 | Create | Villager (Male) |
| 28:16 | Create | Villager (Male) |
| 28:31 | Create | Villager (Male) |
| 28:32 | Create | Villager (Male) |
| 28:49 | Create | Villager (Male) |
| 28:50 | Create | Villager (Male) |
| 28:53 | Create | Battering Ram |
| 28:53 | Create | Battering Ram |
| 29:04 | Research | Forging |
| 29:05 | Create | Villager (Male) |
| 29:05 | Create | Villager (Male) |
| 29:16 | Build | Farm |
| 29:17 | Build | Farm |
| 29:19 | Create | Villager (Male) |
| 29:42 | Create | Villager (Male) |
| 29:42 | Create | Villager (Male) |
| 30:01 | Create | Spearman |
| 30:01 | Create | Spearman |
Build order — Saladin
First 150 of 248 actions detected
| 0:07 | Build | Town Center |
| 0:46 | Build | Dock |
| 0:49 | Build | House |
| 1:00 | Build | Palisade Wall |
| 2:22 | Create | Villager (Male) |
| 2:22 | Create | Villager (Male) |
| 2:22 | Create | Villager (Male) |
| 2:23 | Create | Villager (Male) |
| 2:23 | Create | Villager (Male) |
| 3:44 | Create | Fishing Ship |
| 3:52 | Research | Loom |
| 4:11 | Create | Fishing Ship |
| 4:15 | Create | Villager (Male) |
| 4:57 | Create | Villager (Male) |
| 5:01 | Build | House |
| 5:27 | Create | Villager (Male) |
| 5:58 | Create | Villager (Male) |
| 6:16 | Create | Fishing Ship |
| 6:21 | Create | Villager (Male) |
| 6:21 | Create | Villager (Male) |
| 6:43 | Create | Villager (Male) |
| 7:01 | Build | House |
| 7:13 | Create | Villager (Male) |
| 7:25 | Create | Fishing Ship |
| 7:26 | Create | Fishing Ship |
| 7:26 | Create | Fishing Ship |
| 7:33 | Build | House |
| 7:37 | Create | Villager (Male) |
| 7:56 | Create | Villager (Male) |
| 8:21 | Create | Fishing Ship |
| 8:29 | Build | House |
| 8:48 | Create | Villager (Male) |
| 9:05 | Create | Villager (Male) |
| 9:05 | Create | Villager (Male) |
| 9:07 | Create | Fishing Ship |
| 9:38 | Build | Mill |
| 10:08 | Create | Villager (Male) |
| 10:17 | Build | Mining Camp |
| 10:43 | Research | Feudal Age |
| 10:51 | Build | House |
| 11:07 | Build | Dock |
| 11:55 | Build | Lumber Camp |
| 12:39 | Build | Barracks |
| 12:53 | Age | Feudal Age |
| 12:59 | Create | Villager (Male) |
| 13:00 | Create | Villager (Male) |
| 13:26 | Create | Unit 2626 |
| 13:30 | Create | Unit 2626 |
| 13:30 | Create | Unit 2626 |
| 13:33 | Create | Unit 2626 |
| 13:34 | Create | Unit 2626 |
| 13:38 | Create | Villager (Male) |
| 13:38 | Create | Villager (Male) |
| 14:14 | Build | Stable |
| 14:19 | Create | Villager (Male) |
| 14:35 | Build | House |
| 14:35 | Build | House |
| 15:09 | Build | Blacksmith |
| 15:15 | Create | Villager (Male) |
| 16:00 | Research | Castle Age |
| 16:00 | Research | Castle Age |
| 16:10 | Research | Double-Bit Axe |
| 16:14 | Research | Horse Collar |
| 16:14 | Research | Horse Collar |
| 17:16 | Create | Scout Cavalry |
| 17:20 | Build | Stable |
| 17:25 | Research | Scale Barding Armor |
| 17:26 | Research | Forging |
| 18:13 | Build | Dock |
| 18:23 | Research | Bloodlines |
| 18:40 | Age | Castle Age |
| 18:43 | Create | Knight |
| 18:43 | Create | Knight |
| 18:43 | Create | Knight |
| 18:47 | Create | Villager (Male) |
| 19:13 | Build | Monastery |
| 19:20 | Build | Town Center |
| 19:26 | Create | Villager (Male) |
| 19:26 | Create | Villager (Male) |
| 19:42 | Build | Town Center |
| 19:45 | Build | House |
| 19:50 | Build | House |
| 19:52 | Build | House |
| 19:58 | Create | Villager (Male) |
| 19:59 | Create | Villager (Male) |
| 20:02 | Create | Monk |
| 20:03 | Create | Monk |
| 20:48 | Create | Fishing Ship |
| 20:48 | Create | Fishing Ship |
| 20:51 | Create | Villager (Male) |
| 20:51 | Create | Villager (Male) |
| 20:56 | Build | Lumber Camp |
| 20:58 | Create | Villager (Male) |
| 20:59 | Create | Villager (Male) |
| 21:15 | Create | Villager (Male) |
| 21:16 | Create | Villager (Male) |
| 21:23 | Create | Villager (Male) |
| 21:23 | Create | Villager (Male) |
| 21:37 | Build | Archery Range |
| 21:40 | Create | Villager (Male) |
| 21:52 | Create | Villager (Male) |
| 22:17 | Build | Dock |
| 22:24 | Create | Villager (Male) |
| 22:25 | Create | Villager (Male) |
| 22:29 | Create | Monk |
| 22:29 | Create | Monk |
| 22:34 | Build | House |
| 22:36 | Build | House |
| 22:40 | Create | Villager (Male) |
| 22:44 | Research | Elite Skirmisher (upgrade) |
| 22:44 | Research | Elite Skirmisher (upgrade) |
| 22:51 | Create | Villager (Male) |
| 23:04 | Build | Mining Camp |
| 23:29 | Build | Archery Range |
| 23:31 | Create | Villager (Male) |
| 23:31 | Create | Villager (Male) |
| 23:33 | Build | House |
| 23:38 | Build | House |
| 23:51 | Build | Farm |
| 23:54 | Build | Farm |
| 23:55 | Build | Farm |
| 23:56 | Build | Farm |
| 24:00 | Create | Villager (Male) |
| 24:02 | Create | Villager (Male) |
| 24:16 | Research | Tech 906 |
| 24:19 | Create | Villager (Male) |
| 24:51 | Create | Villager (Male) |
| 24:54 | Build | Farm |
| 24:55 | Build | Farm |
| 24:57 | Build | Farm |
| 25:00 | Build | Farm |
| 25:02 | Build | Farm |
| 25:10 | Create | Skirmisher ×4 |
| 25:15 | Build | Farm |
| 25:17 | Build | Farm |
| 25:19 | Build | Farm |
| 25:55 | Create | Villager (Male) |
| 25:55 | Create | Villager (Male) |
| 25:55 | Create | Villager (Male) |
| 25:55 | Create | Villager (Male) |
| 26:02 | Build | Krepost |
| 26:09 | Create | Villager (Male) |
| 26:10 | Create | Villager (Male) |
| 26:11 | Create | Villager (Male) |
| 26:11 | Create | Villager (Male) |
| 26:11 | Create | Villager (Male) |
| 26:39 | Create | Skirmisher ×5 |
| 27:06 | Create | Skirmisher ×5 |
| 27:09 | Build | House |
| 27:11 | Build | House |
Match timeline
| 0:22 | CTM | Crawly94 · first_building Dock |
| 0:46 | Saladin · first_building Dock |
| 1:00 | Saladin · wall_segment Palisade Wall x1 |
| 10:18 | CTM | Crawly94 · wall_segment Palisade Wall x1 |
| 10:18 | CTM | Crawly94 · wall_segment Palisade Wall x1 |
| 11:38 | CTM | Crawly94 · wall_segment Palisade Wall x2 |
| 12:39 | Saladin · first_building Barracks |
| 12:53 | Saladin · age_up feudal |
| 13:12 | CTM | Crawly94 · age_up feudal |
| 14:14 | Saladin · first_building Stable |
| 15:10 | CTM | Crawly94 · wall_segment Stone Wall x6 |
| 15:25 | CTM | Crawly94 · wall_segment Stone Wall x2 |
| 15:31 | CTM | Crawly94 · wall_segment Stone Wall x9 |
| 17:55 | CTM | Crawly94 · wall_segment Stone Wall x4 |
| 18:15 | CTM | Crawly94 · age_up castle |
| 18:25 | CTM | Crawly94 · first_building Castle |
| 18:40 | Saladin · age_up castle |
| 19:13 | Saladin · first_building Monastery |
| 19:49 | CTM | Crawly94 · wall_segment Stone Wall x10 |
| 21:36 | CTM | Crawly94 · first_market_buy 100 food |
| 21:37 | Saladin · first_building Archery Range |
| 21:53 | CTM | Crawly94 · wall_segment Stone Wall x4 |
| 23:21 | CTM | Crawly94 · first_building Barracks |
| 26:02 | Saladin · first_building Krepost |
| 27:52 | CTM | Crawly94 · first_building Siege Workshop |
| 30:05 | CTM | Crawly94 · first_market_sell 100 wood |
| 30:40 | Saladin · first_market_buy 100 food |
| 30:50 | CTM | Crawly94 · wall_segment Stone Wall x3 |
| 33:32 | Saladin · first_building Castle |
| 34:00 | CTM | Crawly94 · wall_segment Stone Wall x4 |
| 34:01 | Saladin · age_up imperial |
| 37:19 | Saladin · first_market_sell 500 food |
| 38:48 | CTM | Crawly94 · resign |
[ AI ANALYSIS · 1 CREDIT ]
What really happened in this match?
Wolo.gg analyzes every decision: build order, eco, micro, common mistakes by bracket. Personalized analysis on WhatsApp or Discord in 30 seconds.
Civ guide
Spanish
Perfil
Jugador #20107364